 Dungeon Crawl Stone Soup version 0.20-a0-1122-gb7cbeb9 (webtiles) character file.

7823 HAL9000 the Basher (level 11, -6/109 HPs)
             Began as an Ogre Hunter on May 11, 2017.
             Was a Follower of Wu Jian.
             Mangled by a two-headed ogre
             ... wielding a +0 giant spiked club
              (15 damage)
             ... on level 9 of the Dungeon on May 12, 2017.
             The game lasted 00:38:10 (17980 turns).

HAL9000 the Basher (Ogre Hunter)                   Turns: 17980, Time: 00:38:12

Health: -6/109     AC:  3    Str: 21    XL:     11   Next: 21%
Magic:  0/11       EV: 10    Int: 15    God:    Wu Jian [*.....]
Gold:   256        SH:  0    Dex:  9    Spells: 10/10 levels left

rFire    . . .     SeeInvis .   X - +0 giant spiked club
rCold    . . .     Gourm    .   (shield currently unavailable)
rNeg     . . .     Faith    .   b - +0 robe
rPois    .         Spirit   +   (helmet restricted)
rElec    .         Reflect  .   K - scarf {Spirit}
rCorr    .         Harm     .   (gloves unavailable)
MR       +....                  (boots unavailable)
Stlth    +.........             B - amulet of magic regeneration
Regen    0.3/turn               I - +3 ring of intelligence
MPRegen  0.2/turn               (no ring)

@: no status effects
A: unfitting armour, tough skin 1
a: Renounce Religion


You were on level 9 of the Dungeon.
You worshipped Wu Jian.
Wu Jian was aware of your devotion.
You were not hungry.

You visited 2 branches of the dungeon, and saw 10 of its levels.

You collected 478 gold pieces.
You spent 222 gold pieces at shops.

Inventory:

Hand Weapons
 S - a +0 morningstar
 X - a +0 giant spiked club (weapon)
Missiles
 c - 3 large rocks (quivered)
 W - 2 throwing nets
Armour
 b - a +0 robe (worn)
 K - a scarf of spirit shield (worn)
 U - a +1 large shield of protection
Jewellery
 B - an amulet of magic regeneration (around neck)
 I - a +3 ring of intelligence (left hand)
Wands
 D - a wand of lightning (8/15)
 H - a wand of paralysis (6/24)
 P - a wand of confusion (23/48)
 R - a wand of flame (17/48)
 V - a wand of polymorph (6/24)
Scrolls
 l - 3 scrolls of fog
 n - a scroll of remove curse
 u - 4 scrolls of magic mapping {unknown}
 y - 2 scrolls of enchant armour {unknown}
 z - 3 scrolls of blinking
 C - 2 scrolls of recharging {unknown}
 E - a scroll of teleportation
 G - a scroll of noise {unknown}
 M - 3 scrolls of amnesia {unknown}
 O - a scroll of fear {unknown}
 Y - a scroll of immolation {unknown}
Potions
 g - 2 potions of flight
 q - 2 potions of brilliance
 F - a potion of might
 N - a potion of magic
 Q - 2 potions of resistance
Books
 L - a book of Cantrips

   Spells                             Type                      Level
   a - Confusing Touch                Hexes                        1
   b - Animate Skeleton               Necromancy                   1
   c - Summon Small Mammal            Summoning                    1
   d - Apportation                    Translocation                1
 Z - a book of Power

   Spells                             Type                      Level
   a - Iskenderun's Battlesphere      Conjuration/Charms           5
   b - Venom Bolt                     Conjuration/Poison           5
   c - Bolt of Magma                  Conjuration/Fire/Earth       5
   d - Iron Shot                      Conjuration/Earth            6
   e - Orb of Destruction             Conjuration                  7
   f - Spellforged Servitor           Conjuration/Summoning        7
Comestibles
 f - 4 bread rations
 h - 11 meat rations
 T - 3 chunks of flesh


   Skills:
 + Level 7.4 Fighting
 * Level 13.9 Maces & Flails
 - Level 4.0 Throwing
 + Level 3.1 Dodging
 - Level 0.6 Stealth


You had 10 spell levels left.
You didn't know any spells.

Dungeon Overview and Level Annotations

Branches:
Dungeon (9/15)             Temple (1/1) D:6            Lair (0/6) D:9
    Orc: D:9-12

Altars:
Ashenzari
Cheibriados
Dithmenos
Elyvilon
Fedhas
Gozag
Hepliaklqana
Kikubaaqudgha
Makhleb
Nemelex Xobeh
Okawaru
Qazlal
Ru
Sif Muna
Trog
Uskayaw
Vehumet
Wu Jian
Xom
Yredelemnul
Zin
The Shining One

Shops:
D:5 ?

Annotations:
D:8 mopl's ghost, novice GnBe


Innate Abilities, Weirdness & Mutations

You are too large for most types of armour.
You have tough skin. (AC +1)


Message History

You sock the orc!
You kill the orc!
The Council accepts your kill.
Things that are here:
a flail; an orc corpse You completely miss the two-headed ogre.
The two-headed ogre hits you with a giant spiked club!!
The two-headed ogre hits you with a dire flail.
You hit the two-headed ogre.
The two-headed ogre is lightly wounded.
The two-headed ogre hits you with a giant spiked club!!
* * * LOW HITPOINT WARNING * * *
The two-headed ogre hits you with a dire flail!
* * * LOW HITPOINT WARNING * * *
You hit the two-headed ogre.
The two-headed ogre is lightly wounded.
The two-headed ogre hits you with a giant spiked club!
* * * LOW HITPOINT WARNING * * *
The two-headed ogre hits you with a dire flail!
You die...

......#..........#........#...##
...............................
....).......(.............#..
............(................
............................
............(.[.............
.............))..>.........
.<..........<..............
............)..)@O........
...........))(....(.....(.
..........................
..........................
....#.#.....#(............
...#.......#...#.#........
...........(...##.........
#.......#..#...# .........
#.#.#..#((....## .........


You could see a two-headed ogre.

Vanquished Creatures
  3 two-headed ogres
  Pikel (D:6)
  Joseph (D:7)
  A komodo dragon (D:9)
  A troll (D:9)
  A hornet (D:8)
  2 hippogriffs
  4 yaks (D:6)
  A vampire (D:9)
  A hungry ghost (D:8)
  3 orc warriors
  2 ice beasts (D:8)
  A phantom (D:9)
  4 ogres
  2 sky beasts
  2 slaves
  2 centaurs
  3 bullfrogs
  6 scorpions
  4 howler monkeys
  3 crimson imps
  A bullfrog zombie (D:7)
  2 jellies (D:7)
  A bullfrog skeleton (D:3)
  2 centaur skeletons (D:7)
  6 orc priests
  4 hounds
  8 orc wizards
  Natasha (thrice) (D:2)
  3 iguanas
  6 worker ants
  A killer bee zombie (D:7)
  A hound skeleton (D:5)
  A worker ant zombie (D:7)
  Robin (D:3)
  A howler monkey skeleton (D:5)
  11 adders
  4 shadow imps
  2 oozes
  3 adder skeletons
  7 worms
  2 dart slugs
  A leopard gecko (D:4)
  33 orcs
  8 bats
  3 giant cockroaches
  22 goblins
  8 hobgoblins
  10 jackals
  11 kobolds
  5 ball pythons
  A ball python skeleton (D:4)
  2 frilled lizards
  A leopard gecko skeleton (D:7)
  8 rats
231 creatures vanquished.

Vanquished Creatures (others)
  A slave (D:6)
  A wight (D:6)
  A bullfrog skeleton (D:6)
  A worker ant (D:6)
  An orc (D:6)
  A jackal (D:6)
  A plant (D:9)
7 creatures vanquished.

Grand Total: 238 creatures vanquished

Notes
Turn   | Place    | Note
-------+----------+-------------------------------------------
     0 | D:1      | HAL9000 the Ogre Hunter began the quest for the Orb.
     0 | D:1      | Reached XP level 1. HP: 22/22 MP: 1/1
   482 | D:1      | Reached XP level 2. HP: 10/31 MP: 2/2
  1346 | D:2      | Noticed Natasha
  1351 | D:2      | Killed Natasha
  1351 | D:2      | Reached skill level 5 in Fighting
  1351 | D:2      | Reached XP level 3. HP: 33/42 MP: 3/3
  1634 | D:2      | Reached XP level 4. HP: 32/50 MP: 4/4
  2120 | D:2      | Noticed Natasha
  2132 | D:2      | Killed Natasha
  2248 | D:2      | Noticed Natasha
  2267 | D:2      | Killed Natasha
  2267 | D:2      | Reached skill level 1 in Maces & Flails
  2267 | D:2      | Reached XP level 5. HP: 12/59 MP: 5/5
  3226 | D:2      | Reached skill level 2 in Maces & Flails
  3681 | D:3      | Reached skill level 3 in Maces & Flails
  3840 | D:3      | Reached XP level 6. HP: 61/67 MP: 6/6
  5156 | D:4      | Reached skill level 4 in Maces & Flails
  5597 | D:4      | Noticed an orc warrior
  5684 | D:4      | Noticed Robin
  5941 | D:3      | Killed an orc warrior
  5941 | D:3      | Reached skill level 5 in Maces & Flails
  5941 | D:3      | Reached XP level 7. HP: 33/75 MP: 7/7
  6352 | D:3      | Killed Robin
  7123 | D:5      | Entered Level 5 of the Dungeon
  7156 | D:5      | Reached skill level 6 in Maces & Flails
  7242 | D:5      | Found Tyeg's Magic Scroll Boutique.
  7251 | D:5      | Bought a scroll of teleportation for 36 gold pieces
  7251 | D:5      | Bought a scroll of teleportation for 36 gold pieces
  7251 | D:5      | Bought a scroll of blinking for 90 gold pieces
  7251 | D:5      | Bought a scroll of teleportation for 36 gold pieces
  7251 | D:5      | Bought a scroll of fog for 24 gold pieces
  7457 | D:5      | Reached XP level 8. HP: 32/83 MP: 6/8
  8126 | D:6      | Noticed Pikel
  8412 | D:6      | Reached skill level 7 in Maces & Flails
  8518 | D:6      | Killed Pikel
  8518 | D:6      | Reached skill level 8 in Maces & Flails
  8819 | D:6      | Found a basalt altar of Yredelemnul.
  8822 | D:6      | Found a shadowy altar of Dithmenos.
  8823 | D:6      | Found a radiant altar of Vehumet.
  8823 | D:6      | Found a shimmering altar of Xom.
  8962 | D:6      | Found a staircase to the Ecumenical Temple.
  9896 | D:7      | Reached skill level 9 in Maces & Flails
  9901 | D:7      | Got a translucent whip
  9904 | D:7      | Identified the cursed +2 whip of the Boiling Point {protect, Dex+3} (You found it on level 7 of the Dungeon)
 10114 | D:7      | Reached XP level 9. HP: 82/89 MP: 9/9
 10703 | D:6      | Reached skill level 10 in Maces & Flails
 12316 | D:7      | Noticed Joseph
 12356 | D:6      | Reached skill level 11 in Maces & Flails
 12587 | D:7      | Killed Joseph
 12612 | D:6      | HP: 3/89 [yak (14)]
 12924 | D:6      | Reached XP level 10. HP: 50/98 MP: 5/10
 13263 | Temple   | Entered the Ecumenical Temple
 13358 | Temple   | Became a worshipper of the Wu Jian Council
 13686 | D:7      | Reached skill level 12 in Maces & Flails
 14117 | D:8      | Found a hide-covered altar of Uskayaw.
 14205 | D:8      | Found a glowing silver altar of Zin.
 14538 | D:8      | Noticed a two-headed ogre
 14540 | D:8      | Paralysed by a hornet for 1 turns
 14895 | D:8      | Found a sparkling altar of Nemelex Xobeh.
 14895 | D:8      | Found an ancient bone altar of Kikubaaqudgha.
 14902 | D:8      | Found a deep blue altar of Sif Muna.
 14904 | D:8      | Found a sacrificial altar of Ru.
 14926 | D:8      | Found a faded altar of an unknown god.
 15027 | D:8      | Paralysed by a hornet for 2 turns
 15041 | D:8      | HP: 4/147 [hornet (10)]
 15558 | D:8      | Noticed mopl's ghost (novice GnBe)
 15610 | D:8      | Paralysed by mopl's ghost for 3 turns
 15620 | D:8      | HP: 4/98 [poisoned by mopl's ghost]
 15625 | D:8      | HP: 3/98 [poisoned by mopl's ghost]
 15630 | D:8      | HP: 2/98 [poisoned by mopl's ghost]
 15637 | D:8      | HP: 2/98 [poisoned by mopl's ghost]
 15644 | D:7      | HP: 2/98 [poisoned by mopl's ghost]
 16378 | D:8      | Killed a two-headed ogre
 16378 | D:8      | Reached skill level 13 in Maces & Flails
 16780 | D:9      | Noticed a two-headed ogre
 16785 | D:9      | Killed a two-headed ogre
 17224 | D:9      | Reached * piety under Wu Jian
 17224 | D:9      | Reached XP level 11. HP: 51/107 MP: 11/11
 17564 | D:9      | Found a staircase to the Lair.
 17963 | D:9      | Noticed a two-headed ogre
 17969 | D:9      | Killed a two-headed ogre
 17974 | D:9      | Noticed a two-headed ogre
 17980 | D:9      | Mangled by a two-headed ogre

Vault maps used:
D:1:      mainiacjoe_arrival_reflecting_pool
D:2:      first_bread, uniq_natasha
D:3:      grunt_ministairs_11
D:4:      uniq_robin
D:5:      serial_shops, shop, cheibrodos_sewer_entry_bend, minmay_misc_feat_iff
D:6:      grunt_temple_overflow_open, minmay_temple_entry_junction, uniq_pikel
D:7:      cheibrodos_two_vegetables, uniq_joseph
D:8:      chequers_temple_overflow_minitemple, old_standard_altar,
          lemuel_doored_altar
D:9:      david_lair_shrubbed, the_bakery, centaur_isle
Temple:   nicolae_temple_hex_pool

Skill      XL: |  1  2  3  4  5  6  7  8  9 10 11 |
---------------+----------------------------------+-----
Fighting       | 3 5 6 7 |  7.4
Maces & Flails | 1 3 5 6 9 11 13 | 13.9
Dodging        | 2 3 |  3.1
Throwing       | |  4.0
Stealth        | |  0.6

Action                   |  1- 3 |  4- 6 |  7- 9 | 10-12 || total
-------------------------+-------+-------+-------+-------++-------
Melee: Club              |   100 |    32 |       |       ||   132
       Short sword       |     2 |       |       |       ||     2
       Whip              |       |    42 |    37 |       ||    79
       Mace              |       |   138 |       |       ||   138
       Flail             |       |    93 |       |       ||    93
       Dire flail        |       |       |   358 |   151 ||   509
       Giant spiked club |       |       |       |    86 ||    86
Throw: Large rock        |     2 |    10 |     5 |     8 ||    25
       Javelin           |     8 |    11 |     5 |    10 ||    34
       Throwing net      |       |     3 |       |       ||     3
Evoke: Wand              |       |       |       |     1 ||     1
  Use: Scroll            |       |     4 |     7 |     8 ||    19
       Potion            |       |     1 |     2 |     8 ||    11
 Stab: Sleeping          |     1 |       |       |     1 ||     2
  Eat: Chunk             |     2 |    14 |    18 |    13 ||    47
       Royal jelly       |       |       |     2 |     2 ||     4
       Fruit             |       |       |       |     1 ||     1
Armor: Robe              |    37 |    79 |    70 |    24 ||   210
       Skin              |       |       |    34 |    34 ||    68
Dodge: Dodged            |    68 |   172 |   198 |   101 ||   539
